 Dungeon Crawl Stone Soup version 0.29-a0-221-gceb61267dd (webtiles) character file.

Game seed: 13094885910048175895

76 GabrielManson the Charlatan (level 4, -2/26 HPs)
             Began as a Kobold Artificer on Feb 26, 2022.
             Slain by an adder (4 damage)
             ... on level 3 of the Dungeon.
             The game lasted 00:09:08 (3610 turns).

GabrielManson the Charlatan (Kobold Artificer)      Turns: 3610, Time: 00:09:09

Health: -2/26      AC:  3    Str:  6 (9)  XL:     4   Next: 57%
Magic:  4/4        EV: 14    Int: 11 (12) God:
Gold:   189        SH:  0    Dex: 16 (17) Spells: 3/3 levels left

rFire   . . .      SeeInvis .   o - +0 short sword
rCold   . . .      Faith    .   (no shield)
rNeg    . . .      Spirit   .   b - +0 leather armour
rPois   .          Reflect  .   (no helmet)
rElec   .          Harm     .   (no cloak)
rCorr   .          Rampage  .   (no gloves)
Will    .....                   (no boots)
Stlth   +++.......              (no amulet)
HPRegen 0.08/turn               (no ring)
MPRegen 0.09/turn               (no ring)

@: brilliant
A: small, no large weapons, nightstalker 3
a: no special abilities


You were on level 3 of the Dungeon.
You visited 1 branch of the dungeon, and saw 3 of its levels.

You collected 189 gold pieces.

Inventory:

Hand Weapons
 a - a +0 club
 g - a +0 dagger
 o - a +0 short sword (weapon)
Missiles
 j - 4 poisoned darts
Armour
 b - a +0 leather armour (worn)
Jewellery
 n - a ring of magical power
Wands
 c - a wand of flame (14) (quivered)
 d - a wand of charming (14)
Scrolls
 k - 2 scrolls of teleportation {unknown}
 l - 2 scrolls of identify {unknown}
 p - a scroll of holy word {unknown}
 q - a scroll of fog {unknown}
 s - a scroll of enchant weapon {unknown}
 t - a scroll of immolation {unknown}
Potions
 f - a potion of might {unknown}
 i - a potion of ambrosia {unknown}
 m - a potion of brilliance
Miscellaneous
 e - a piece from Xom's chessboard (15/15)


   Skills:
 - Level 2.0 Fighting
 * Level 2.7 Short Blades
 + Level 0.7 Throwing
 - Level 1.0 Armour
 + Level 3.0 Dodging
 + Level 3.1 Stealth
 - Level 3.6 Evocations


You had 3 spell levels left.
You didn't know any spells.
Your spell library contained the following spells:

 Spells                   Type           Power      Damage    Failure   Level
 Apportation              Tloc           0%         N/A       50%         1
 Ensorcelled Hibernation  Hex/Ice        0%         N/A       63%         2
 Spider Form              Tmut/Pois      0%         N/A       86%         3
 Anguish                  Hex/Necr       0%         N/A       99%         4
 Alistair's Intoxication  Tmut/Pois      0%         N/A       100%        5


Dungeon Overview and Level Annotations

Branches:
Dungeon (3/15)

Altars:


Innate Abilities, Weirdness & Mutations

You are small and have problems with some larger weapons.
You are completely attuned to the shadows.


Message History

The adder bites you but does no damage. The adder barely misses you.
The adder barely misses you.
You closely miss the adder.
The adder is heavily wounded.
The adder bites you but does no damage.
You barely miss the adder.
The adder is heavily wounded.
The adder bites you.
You hit the adder but do no damage.
The adder is heavily wounded.
The adder closely misses you.
You barely miss the adder.
The adder is heavily wounded.
The adder bites you but does no damage. The adder misses you.
The adder bites you but does no damage.
You hit the adder.
The adder is severely wounded.
The adder barely misses you.
You barely miss the adder.
The adder is severely wounded.
The adder bites you but does no damage. The adder barely misses you.
You closely miss the adder.
The adder is severely wounded.
The adder bites you.
You are poisoned.
The adder poisons you!
You closely miss the adder.
The adder is severely wounded.
You feel sick. The adder misses you.
You closely miss the adder.
The adder is heavily wounded.
You feel sick. The adder bites you.
* * * LOW HITPOINT WARNING * * *
You feel sick.
You feel sick. The adder barely misses you.
You feel sick.
You are no longer poisoned.
The adder bites you.
You die...

## .........#.##### .#
.....###.#.# .# .....# #.#.# .#
.....# #.#.# .# .....# #.#.# .#
##...# #.#.# .# #...# #.#.# >#
#...# #.#.########## .#
#..@###.#......>...# .#
###..S.....#########.# .#
.................##.#
##############.##.....######....#
....)......)..........# ######
##############.#......# .
#...)....##)#.###'## #
#.#.#.....).#.###.##### #
#.####.####.#.......########


You could see an adder.

Vanquished Creatures
  A dart slug (D:1)
  6 orcs (D:3)
  8 ball pythons
  6 bats
  5 endoplasms
  4 giant cockroaches
  6 goblins
  4 hobgoblins
  6 jackals (D:1)
  2 kobolds (D:2)
  3 quokkas
  2 frilled lizards (D:1)
  4 rats
57 creatures vanquished.

Vanquished Creatures (others)
  A giant cockroach (D:1)
1 creature vanquished.

Grand Total: 58 creatures vanquished

Notes
Turn   | Place    | Note
-------+----------+-------------------------------------------
     0 | D:1      | GabrielManson the Kobold Artificer began the quest for the
                  | Orb.
     0 | D:1      | Reached XP level 1. HP: 12/12 MP: 1/1
   403 | D:1      | Reached XP level 2. HP: 14/16 MP: 2/2
   453 | D:1      | Reached skill level 1 in Armour
   773 | D:1      | Reached skill level 1 in Short Blades
   806 | D:1      | Reached XP level 3. HP: 20/20 MP: 3/3
  2169 | D:2      | Found a faded altar of an unknown god.
  2458 | D:2      | Reached XP level 4. HP: 26/26 MP: 4/4
  3586 | D:3      | HP: 1/26 [poisoned by an adder]
  3610 | D:3      | Slain by an adder

Illustrated notes

Levels and vault maps discovered:
D:1:      minmay_arrival_split_and_join, layout_basic
D:2:      layout_loops_cross, ebering_ecumenical_altar_sacrificial,
          minmay_small_reverse_x
D:3:      layout_basic, trog_book

Skill      XL: |  1  2  3  4 |
---------------+-------------+-----
Stealth        | 2 3 |  3.1
Armour         | 1 |  1.0
Short Blades   | 1 2 |  2.7
Dodging        | 3 |  3.0
Fighting       | 2 |  2.0
Throwing       | |  0.7
Evocations     | |  3.6

Action                   |  1- 3 |  4- 6 || total
-------------------------+-------+-------++-------
Melee: Club              |    10 |       ||    10
       Dagger            |   131 |    33 ||   164
       Punch             |     3 |     2 ||     5
       Short sword       |       |    54 ||    54
Evoke: Wand              |     2 |       ||     2
       Piece from Xom's  |     1 |       ||     1
  Use: Potion            |       |     3 ||     3
 Stab: Sleeping          |    11 |     3 ||    14
       Distracted        |     1 |       ||     1
Armor: Leather armour    |    22 |    15 ||    37
Dodge: Dodged            |    89 |    78 ||   167

Table legend: (Time is in decaauts)
 A = Elapsed time spent in this place.
 B = Non-inter-level travel time spent in this place.
 C = Inter-level travel time spent in this place.
 D = Time resting spent in this place.
 E = Time spent auto-exploring this place.
 F = Levels seen in this place.
 G = Mean time per level.
                   A        B        C        D        E       F      G
               +--------+--------+--------+--------+--------+-----+--------+
         Total |   3598 |   3598 |      0 |    241 |   2695 |   3 | 1199.3 |
       Dungeon |   3598 |   3598 |      0 |    241 |   2695 |   3 | 1199.3 |
               +--------+--------+--------+--------+--------+-----+--------+

Top non-repeatable levels by time:
     D:1: 1928 daAuts
     D:2: 1135 daAuts
     D:3: 534 daAuts
